 Dungeon Crawl Stone Soup version 0.22.1-6-g1668fe2c40 (webtiles) character file.

46 NochnoyZador the Sneak (level 3, -2/16 HPs)
             Began as a Vine Stalker Enchanter on Jan 23, 2019.
             Slain by an adder (4 damage)
             ... on level 1 of the Dungeon.
             The game lasted 00:07:06 (1427 turns).

NochnoyZador the Sneak (Vine Stalker Enchanter)     Turns: 1427, Time: 00:07:07

Health: -2/16      AC:  2    Str: 10    XL:     3   Next: 68%
Magic:  0/7        EV: 12    Int: 16    God:
Gold:   47         SH:  0    Dex: 14    Spells: 0/6 levels left

rFire    . . .     SeeInvis .   a - +1 dagger
rCold    . . .     Gourm    .   (no shield)
rNeg     . . .     Faith    .   b - +0 robe
rPois    .         Spirit   +   (no helmet)
rElec    .         Reflect  .   (no cloak)
rCorr    .         Harm     .   (no gloves)
MR       .....                  (no boots)
Stlth    +++.......             (no amulet)
HPRegen  0.05/turn              (no ring)
MPRegen  0.10/turn              (no ring)

@: lethally poisoned (-2 -> -10), very slightly contaminated
A: fangs 2, magic shield, antimagic bite, no potion heal 3, rot immunity
a: no special abilities


You were on level 1 of the Dungeon.
You were hungry.

You visited 1 branch of the dungeon, and saw 2 of its levels.

You collected 47 gold pieces.

Inventory:

Hand Weapons
 a - a +1 dagger (weapon)
Missiles
 h - 2 throwing nets (quivered)
 j - 37 stones
 m - 9 sling bullets
Armour
 b - a +0 robe (worn)
 k - a +3 ring mail
Scrolls
 g - a scroll of remove curse {unknown}
 n - a scroll of identify {unknown}
 o - a scroll of fear {unknown}
 p - a scroll of fog {unknown}
Potions
 e - 2 potions of lignification {unknown}
 f - 2 potions of resistance {unknown}
 i - a potion of agility {unknown}
 l - a potion of haste {unknown}
 q - a potion of mutation {unknown}
Comestibles
 c - 2 chunks of flesh
 d - a ration


   Skills:
 * Level 2.2 Short Blades
 - Level 1.5 Dodging
 * Level 4.8 Stealth
 - Level 2.1 Spellcasting
 - Level 3.0 Hexes


You couldn't memorise any spells.
You knew the following spells:

 Your Spells              Type           Power        Failure   Level  Hunger
a - Corona                Hex            ##.....      6%          1    #......
b - Ensorcelled Hibernat  Hex/Ice        #.....       17%         2    ###....
c - Confuse               Hex            ##......     19%         3    ###....

Your spell library contained the following spells:

 Spells                   Type           Power        Failure   Level  Hunger
 Tukima's Dance           Hex            ##......     19%         3    ###....
 Dazzling Spray           Conj/Hex       #.....       32%         3    ###....


Dungeon Overview and Level Annotations

Branches:
Dungeon (2/15)

Altars:


Innate Abilities, Weirdness & Mutations

You have extremely sharp teeth.
When hurt, damage is shared between your health and your magic reserves.
Your bite disrupts and absorbs the magic of your enemies.
Potions cannot restore your health.
You are immune to rotting.


Message History

You are too injured to fight recklessly!
You are too injured to fight recklessly!
You hit the adder but do no damage. Your bite misses the adder.
The adder bites you.
* * * LOW HITPOINT WARNING * * *
You are lethally poisoned!
The adder poisons you!
You barely miss the adder.
* * * LOW HITPOINT WARNING * * *
You feel sick. The adder bites you.
* * * LOW HITPOINT WARNING * * *
You hit the adder but do no damage. The adder completely misses you.
You hit the adder. Your bite misses the adder.
The adder is moderately wounded.
* * * LOW HITPOINT WARNING * * *
You feel sick. The adder misses you.
You barely miss the adder.
The adder is moderately wounded.
The adder bites you.
You die...

##.# ##.....## ##...#.#
#.# ##...## #.##.##
##.## ##'## #.#### #...#
#.# #.# ##..# ###.#####
#.# ##.# #.......# #.#
###.#####....##.# #.#
#.............#.# #.#
#.#.###....@....# #.#
#.#.###...#.S...######.#
#.#....................#
#>#####.........########
#........##....##
########.##.#.##
##......## #........#
#.###.##.#


You could see an adder.

Vanquished Creatures
  An adder (D:2)
  A dart slug (D:1)
  6 bats
  2 giant cockroaches (D:1)
  4 goblins
  7 hobgoblins (D:1)
  2 kobolds (D:1)
  3 ball pythons
  3 frilled lizards
  6 rats
35 creatures vanquished.

Notes
Turn   | Place    | Note
-------+----------+-------------------------------------------
     0 | D:1      | NochnoyZador the Vine Stalker Enchanter began the quest for
                  | the Orb.
     0 | D:1      | Reached XP level 1. HP: 9/9 MP: 4/4
    33 | D:1      | Reached skill level 1 in Short Blades
   151 | D:1      | Reached skill level 4 in Stealth
   203 | D:1      | Reached XP level 2. HP: 11/13 MP: 6/6
   299 | D:1      | Learned a level 2 spell: Ensorcelled Hibernation
   904 | D:1      | Reached XP level 3. HP: 13/16 MP: 7/7
   934 | D:1      | Learned a level 3 spell: Confuse
  1427 | D:1      | Slain by an adder

Skill      XL: |  1  2  3 |
---------------+----------+-----
Short Blades   | 1 2 |  2.2
Stealth        | 4 |  4.8
Dodging        | |  1.5
Spellcasting   | |  2.1
Hexes          | |  3.0

Action                   || total
-------------------------++-------
Melee: Dagger            ||    80
       Bite              ||     8
 Cast: Ensorcelled Hiber ||    22
 Stab: Sleeping          ||    15
  Eat: Chunk             ||     3
Armor: Robe              ||    14
Dodge: Dodged            ||    58
